 Dungeon Crawl Stone Soup version 0.27.1 (webtiles) character file.

Game seed: 10284552238310035254

1064 Rrauwl the Nimble (level 8, -10/48 HPs)
             Began as a Tengu Air Elementalist on Aug 27, 2021.
             Mangled by an ogre (22 damage)
             ... on level 6 of the Dungeon.
             The game lasted 00:19:47 (5445 turns).

Rrauwl the Nimble (Tengu Air Elementalist)          Turns: 5445, Time: 00:19:47

Health: -10/48     AC: 11    Str:  8    XL:     8   Next: 27%
Magic:  10/12      EV: 13    Int: 17    God:
Gold:   238        SH:  0    Dex: 16    Spells: 7/11 levels left

rFire    . . .     SeeInvis .   a - +3 short sword (speed)
rCold    + . .     Faith    .   (no shield)
rNeg     . . .     Spirit   .   l - +2 scale mail {rC+}
rPois    .         Reflect  .   (helmet restricted)
rElec    .         Harm     .   o - +1 cloak
rCorr    .         Rampage  .   (no gloves)
Will     .....                  (boots unavailable)
Stlth    +.........             (no amulet)
HPRegen  0.16/turn              h - +4 ring of slaying
MPRegen  0.13/turn              (no ring)

@: swift (expiring), flying quickly and evasively, very quick
A: beak, talons 3, nimble flight
a: no special abilities


You were on level 6 of the Dungeon.
You visited 1 branch of the dungeon, and saw 6 of its levels.

You collected 238 gold pieces.

Inventory:

Hand Weapons
 a - a +3 short sword of speed (weapon)
 b - a +0 hunting sling
 c - a +0 war axe
 p - a +0 long sword
 t - a +2 vorpal flail
Missiles
 f - 42 bolts
 g - 6 silver boomerangs
 i - 13 sling bullets
 q - 2 throwing nets
Armour
 e - a +0 robe
 l - a +2 scale mail of cold resistance (worn)
 o - a +1 cloak (worn)
Jewellery
 h - a +4 ring of slaying (left hand)
 m - a ring of flight
Scrolls
 d - a scroll of silence
 k - 2 scrolls of identify
 n - a scroll of enchant weapon
Potions
 j - 2 potions of attraction
 s - a potion of invisibility


   Skills:
 - Level 4.0 Fighting
 - Level 4.1 Armour
 + Level 9.3 Dodging
 - Level 2.0 Stealth
 - Level 2.0 Spellcasting
 - Level 6.0 Conjurations
 - Level 7.0 Air Magic


You had 7 spell levels left.
You knew the following spells:

 Your Spells              Type           Power      Damage    Failure   Level
a - Shock                 Conj/Air       92%        1d8       11%         1
b - Swiftness             Air            25%        N/A       26%         3

Your spell library contained the following spells:

 Spells                   Type           Power      Damage    Failure   Level
 Static Discharge         Conj/Air       23%        N/A       17%         2
 Airstrike                Air            12%        N/A       65%         4
 Sticky Flame             Conj/Fire      11%        2d3       99%         4
 Dispel Undead            Necr           1%         3d6       100%        4


Dungeon Overview and Level Annotations

Branches:
Dungeon (6/15)
 Temple: D:4-7

Altars:
Hepliaklqana
Kikubaaqudgha
Sif Muna
Vehumet
Yredelemnul
Zin

Shops:
D:2 =


Innate Abilities, Weirdness & Mutations

You have a beak for a mouth.
You have claws for feet.
Your magical nature lets you fly swiftly and evasively.


Message History

The iguana bites you!
The orc priest miscasts a cantrip.
You closely miss the iguana. You claw the iguana.
The iguana is lightly wounded.
The orc warrior hits you with a +0 scimitar!
The iguana barely misses you.
The orc priest hits the plant with a +0 flail.
The orc hits the plant with a +0 club.
Something hits the plant!!
You hit the iguana. You claw the iguana. You peck the iguana, but do no damage.
The iguana is heavily wounded.
The orc warrior hits you with a +0 scimitar.
You barely miss the iguana.
The iguana is heavily wounded.
A nearby plant withers and dies.
The iguana barely misses you.
The orc priest hits the plant with a +0 flail.
The orc hits the plant with a +0 club.
Something hits the plant!!
You hit the iguana. You peck the iguana.
You kill the iguana!
You start to feel a little slower.
A nearby plant withers and dies.
The orc warrior hits you but does no damage.
The orc priest hits the plant with a +0 flail!
You hit the orc.
The orc is heavily wounded.
Something hits the plant!!
The orc warrior closely misses you. The orc hits you but does no damage.
The orc priest hits the plant with a +0 flail.
You closely miss the orc.
The orc is heavily wounded.
A nearby plant withers and dies.
The orc warrior hits you with a +0 scimitar!
You hit the orc.
You kill the orc!
The orc warrior completely misses you.
Things that are here:
a +0 club; an iguana corpse The orc warrior hits you with a +0 scimitar!
* * * LOW HITPOINT WARNING * * *
The ogre hits you with a +0 giant club!!
You die...

#####
####...###
#.##.....#
#)o.o#.#..#
#@O...$P.§#
#P..§..#.§P#
#..##._.#§....
#..#.P...P§.P..
#.[ .P.#§.§..#.
..#. ..PP.P....
#.#.. .....#...
#. .# ##... .#.


You could see an orc warrior, an ogre and an orc priest.

Vanquished Creatures
  Eustachio (D:5)
  Edmund (D:5)
  A black bear (D:5)
  A phantom (D:5)
  A bullfrog (D:3)
  The ghost of Tutankhamun the Cudgeller, a weakling TrMo (D:3)
  A hound (D:5)
  2 jellies
  A gnoll shaman (D:5)
  2 orc wizards (D:4)
  3 iguanas
  Natasha (D:2)
  A hound skeleton (D:4)
  7 gnolls
  5 adders
  A shadow imp (D:5)
  An adder zombie (D:3)
  A dart slug (D:2)
  9 orcs
  8 ball pythons
  7 bats
  9 endoplasms
  3 giant cockroaches
  6 goblins
  4 hobgoblins
  6 jackals (D:1)
  A quokka (D:2)
  3 frilled lizards
  A giant cockroach zombie (D:3)
  7 kobolds
  3 rats
99 creatures vanquished.

Vanquished Creatures (others)
  4 plants (D:6)
4 creatures vanquished.

Grand Total: 103 creatures vanquished

Notes
Turn   | Place    | Note
-------+----------+-------------------------------------------
     0 | D:1      | Rrauwl the Tengu Air Elementalist began the quest for the
                  | Orb.
     0 | D:1      | Reached XP level 1. HP: 10/10 MP: 4/4
   348 | D:1      | Reached XP level 2. HP: 11/15 MP: 3/6
   750 | D:1      | Found a faded altar of an unknown god.
   756 | D:1      | Reached skill level 3 in Dodging
   886 | D:1      | Reached skill level 5 in Dodging
   886 | D:1      | Reached skill level 5 in Conjurations
   886 | D:1      | Reached XP level 3. HP: 24/24 MP: 7/7
  1076 | D:1      | Reached XP level 4. HP: 25/29 MP: 8/8
  1668 | D:2      | Noticed Natasha
  1678 | D:2      | Killed Natasha
  1897 | D:2      | Found Gokuoluxt's Jewellery Boutique.
  2134 | D:2      | Gained mutation: Your magical nature lets you fly swiftly
                  | and evasively. [Tengu growth]
  2134 | D:2      | Reached XP level 5. HP: 33/33 MP: 9/9
  2812 | D:3      | Learned a level 3 spell: Swiftness
  2983 | D:3      | Found a runed translucent door.
  2986 | D:3      | Noticed Tutankhamun's ghost (weakling TrMo)
  3092 | D:3      | Found a basalt altar of Yredelemnul.
  3140 | D:3      | Reached skill level 6 in Dodging
  3140 | D:3      | Reached XP level 6. HP: 28/38 MP: 3/10
  3142 | D:3      | Killed Tutankhamun's ghost
  3746 | D:4      | Found Qucvao's Assorted Antiques.
  4300 | D:5      | Entered Level 5 of the Dungeon
  4348 | D:5      | Noticed a black bear
  4355 | D:5      | Killed a black bear
  4356 | D:5      | Reached skill level 7 in Dodging
  4356 | D:5      | Reached XP level 7. HP: 41/43 MP: 6/11
  4646 | D:5      | Found a glowing silver altar of Zin.
  4663 | D:5      | Found an ancient bone altar of Kikubaaqudgha.
  4670 | D:5      | Found a radiant altar of Vehumet.
  4686 | D:5      | Reached skill level 8 in Dodging
  4864 | D:5      | Noticed Edmund
  4876 | D:5      | Killed Edmund
  4877 | D:5      | Reached XP level 8. HP: 33/48 MP: 3/12
  5003 | D:5      | Noticed Eustachio
  5027 | D:5      | Killed Eustachio
  5028 | D:5      | Reached skill level 9 in Dodging
  5154 | D:5      | Found a shimmering blue altar of Sif Muna.
  5429 | D:6      | Found a hazy altar of Hepliaklqana.
  5445 | D:6      | Mangled by an ogre

Illustrated notes

Levels and vault maps discovered:
D:1:      erik_arrival_cave_to_civilisation [erik_arrival_cave_to_hall],
          layout_loops_ring, shapermc_ecumenical_altar_gd, minmay_door_square,
          st_stairs_8, minmay_pentomino_r4
D:2:      layout_loops_ring, serial_shops, shop_fountains,
          small_statue_intersection, kennysheep_generic_room_5, uniq_natasha
D:3:      layout_basic, lemuel_zombie_altar_yredelemnul, ebering_ghost_sewer_d
D:4:      layout_gridville, serial_shops, shop, columned_hall_lemuel
D:5:      layout_basic, mainiacjoe_overflow_boulevard,
          nicolae_overflow_crystal_walls, mainiacjoe_overflow_six_doors_small,
          mainiacjoe_overflow_surrounded_room, uniq_edmund, uniq_eustachio
D:6:      layout_loops_cross, nicolae_hepliaklqana_hazy_memory,
          pdpol_wu_jian_five_deadly_venoms, minmay_temple_entry_offerings,
          serial_shops, nicolae_shop_waterfront, enter_ossuary_2,
          eino_tiny_chamber, nicolae_water_bricks

Skill      XL: |  1  2  3  4  5  6  7  8 |
---------------+-------------------------+-----
Conjurations   | 2 5 6 |  6.0
Dodging        | 5 6 7 8 9 |  9.3
Fighting       | 3 4 |  4.0
Armour         | 4 |  4.1
Air Magic      | 6 7 |  7.0
Stealth        | |  2.0
Spellcasting   | |  2.0

Action                   |  1- 3 |  4- 6 |  7- 9 || total
-------------------------+-------+-------+-------++-------
Melee: Dagger            |    14 |       |       ||    14
       Kick              |     9 |    17 |     5 ||    31
       Peck              |     6 |    13 |     4 ||    23
       Short sword       |    35 |    99 |    25 ||   159
 Fire: Hunting sling     |       |       |    35 ||    35
 Cast: Shock             |     2 |    25 |    22 ||    49
       Swiftness         |       |       |     1 ||     1
  Use: Potion            |     3 |     4 |       ||     7
       Scroll            |       |     4 |     3 ||     7
 Stab: Sleeping          |     1 |     3 |       ||     4
Armor: Robe              |    10 |     3 |       ||    13
       Scale mail        |       |    16 |    19 ||    35
Dodge: Dodged            |    37 |    49 |    32 ||   118
